 Dungeon Crawl Stone Soup version 0.28.0-43-g3370ac3207 (webtiles) character file.

Game seed: 14784622947667048688

15 experimilk the Grasshopper (level 2, 0/23 HPs)
             Began as a Palentonga Warper on Mar 19, 2022.
             Slain by a goblin
             ... wielding a +0 club
              (3 damage)
             ... on level 1 of the Dungeon.
             The game lasted 00:01:30 (746 turns).

experimilk the Grasshopper (Palentonga Warper)       Turns: 746, Time: 00:01:30

Health: 0/23       AC:  4    Str: 14    XL:     2   Next: 34%
Magic:  2/5        EV:  9    Int: 13    God:
Gold:   38         SH:  0    Dex:  9    Spells: 3/5 levels left

rFire   . . .      SeeInvis +   a - +0 hand axe
rCold   . . .      Faith    .   (no shield)
rNeg    . . .      Spirit   .   b - +0 leather armour
rPois   .          Reflect  .   (no helmet)
rElec   .          Harm     .   (no cloak)
rCorr   .          Rampage  .   (no gloves)
Will    .....                   (no barding)
Stlth   +.........              (no amulet)
HPRegen 0.07/turn               (no ring)
MPRegen 0.09/turn               (no ring)

@: no status effects
A: large, rugged brown scales 3, see invisible, deformed body, roll 1, armoured
tail
a: Rolling Charge


You were on level 1 of the Dungeon.
You visited 1 branch of the dungeon, and saw 1 of its levels.

You collected 38 gold pieces.

Inventory:

Hand Weapons
 a - a +0 hand axe (weapon)
Missiles
 d - 4 boomerangs of dispersal (quivered)
Armour
 b - a +0 leather armour (worn)
Scrolls
 c - a scroll of blinking
 e - a scroll of fear {unknown}
Potions
 f - a potion of haste {unknown}


   Skills:
 - Level 2.0 Fighting
 * Level 2.7 Axes
 - Level 0.6 Throwing
 - Level 0.7 Armour
 - Level 1.5 Dodging
 - Level 2.0 Spellcasting
 + Level 3.2 Translocations


You had 3 spell levels left.
You knew the following spells:

 Your Spells              Type           Power      Damage    Failure   Level
a - Blink                 Tloc           18%        N/A       13%         2

Your spell library contained the following spells:

 Spells                   Type           Power      Damage    Failure   Level
 Gell's Gravitas          Tloc           9%         N/A       26%         3
 Lesser Beckoning         Tloc           9%         N/A       26%         3
 Teleport Other           Tloc           9%         N/A       26%         3
 Manifold Assault         Tloc           9%         N/A       93%         5


Dungeon Overview and Level Annotations

Branches:
Dungeon (1/15)

Altars:


Innate Abilities, Weirdness & Mutations

You are completely covered in rugged brown scales. (AC +3, +7% HP)
You have supernaturally acute eyesight. (SInv)
Armour fits poorly on your strangely shaped body.
You can roll at nearby foes to attack.
You have a long armoured tail.


Message History

Aim: an endoplasm You roll forward with a clatter of scales!
You hit the endoplasm.
The endoplasm is heavily wounded.
You hit the goblin.
You kill the goblin!
The endoplasm freezes you.
You are frozen.
* * * LOW HITPOINT WARNING * * *
Throw: 5 boomerangs (disperse)
Press: ? - help, Q - select action, (/) - cycle Shift-Dir - straight line, f/p - endoplasm
Aim: an endoplasm (heavily wounded, 84% to hit)
You throw a boomerang of dispersal.
The boomerang of dispersal hits the endoplasm.
The endoplasm blinks!
The endoplasm is almost dead.
Roll where?
Press: ? - help, Dir - move target, f/p - endoplasm
Aim: an endoplasm (almost dead)
You roll forward with a clatter of scales!
You hit the endoplasm.
You kill the endoplasm!
You barely miss the goblin. The goblin closely misses you.
You hit the goblin. You tail-slap the goblin.
The goblin is heavily wounded.
You feel stable enough to blink again. The goblin barely misses you.
The goblin closely misses you.
You barely miss the goblin.
The goblin is heavily wounded.
The goblin hits you but does no damage.
You barely miss the goblin.
The goblin is heavily wounded.
The goblin barely misses you.
You barely miss the goblin.
The goblin is heavily wounded.
The goblin barely misses you.
You barely miss the goblin.
The goblin is heavily wounded.
The goblin hits you with a +0 club.
You die...

..# # #.#.# #.#####.#.# #
.#.....#.#.#.#. .# #####
.........#.#.#.....####...#
...[.....#...#...#.........
..#.....#...###..#..##>.
>........g............###..
##.#.#.#.#@###.#.# #..##.♣♣
# #.#.#.).†.#.#.##.#.♣♣♣
..#.........#.##....♣∩
.###########......[♣♣.. ##
#.........#.#...♣♣∩.
..........# #...♣♣∩.
#......[#.# #...♣♣∩.
##....#.#.# #...♣♣♣.
#.##.#.#.# #......∩


You could see a goblin.

Vanquished Creatures
  A dart slug (D:1)
  2 ball pythons (D:1)
  4 endoplasms (D:1)
  A goblin (D:1)
  A kobold (D:1)
  A quokka (D:1)
  A bat (D:1)
11 creatures vanquished.

Notes
Turn   | Place    | Note
-------+----------+-------------------------------------------
     0 | D:1      | experimilk the Palentonga Warper began the quest for the
                  | Orb.
     0 | D:1      | Reached XP level 1. HP: 17/17 MP: 3/3
   300 | D:1      | Reached XP level 2. HP: 23/23 MP: 5/5
   529 | D:1      | Learned a level 2 spell: Blink
   746 | D:1      | Slain by a goblin

Illustrated notes

Levels and vault maps discovered:
D:1:      heliophobic_arrival_henge, layout_basic

Action                   || total
-------------------------++-------
Melee: Hand axe          ||    27
       Tailslap          ||     3
Throw: Boomerang         ||     1
 Cast: Blink             ||     2
 Abil: Rolling Charge    ||     9
Armor: Leather armour    ||     8
Dodge: Dodged            ||    15
